AoeStats
← 太阳当空照

Arena

509373103Analyzed
4v4 RM · 7d ago on Sep 26, 2026· 37m 46s· 8 players
Game mode
Random Map
Map size
Large (8 player)
Population
200
Speed
Normal
Resources
Standard
Victory
Conquest
Starting age
Dark Age
Ending age
Imperial Age
RankedLock teamsTeams togetherTeam positionsShared explorationLock speedFull tech treeHidden civsTurbo modeCheats
Victory
Defeat
🇨🇳 Mongols · China
1215
+16
🇨🇳 Franks · China
1209
+16
🇨🇳 Spanish · China
1208
+16
🇨🇳 Persians · China
1129
+21
🇩🇰 Bohemians · Denmark
1232
-18
🇨🇳 Spanish · China
1227
-18
🇷🇺 Persians · Russia
1216
-17
🇦🇷 Celts · Argentina
1187
-16
我很牛逼
9:51 Loom
12:08 Feudal Age
16:19 Castle Age
14:22 Double-Bit Axe
14:49 Horse Collar
19:00 Heavy Plow
19:11 Bow Saw
31:33 Gold Mining
32:09 Husbandry
32:20 Bloodlines
35:46 Imperial Age
33:50 Forging
33:45 Scale Barding Armor
35:10 Scale Barding Armor
35:40 Iron Casting
35:33 Scale Mail Armor
35:47 Arson
36:02 Squires
35:23 Pikeman
35:49 Gambesons
37:05 Conscription
AngryKok
0:27 Loom
12:10 Feudal Age
12:40 Horse Collar
12:47 Double-Bit Axe
14:02 Wheelbarrow
17:16 Castle Age
21:13 Scale Mail Armor
21:22 Scale Barding Armor
21:27 Forging
21:41 Husbandry
21:52 Bloodlines
28:35 Iron Casting
28:21 Chain Barding Armor
28:29 Chain Barding Armor
29:12 Kamandaran
29:41 Crossbowman
31:04 Fletching
lsh2911
10:26 Feudal Age
15:20 Castle Age
13:19 Double-Bit Axe
13:16 Horse Collar
15:38 Pikeman
16:37 Scale Mail Armor
18:08 Squires
LuchooOo
10:51 Feudal Age
14:44 Castle Age
13:36 Double-Bit Axe
13:33 Horse Collar
14:04 Loom
16:01 Bow Saw
17:56 Fletching
20:06 Town Watch
21:04 Fervor
21:36 Ballistics
23:27 Bodkin Arrow
24:30 Gold Mining
28:26 Wheelbarrow
28:04 Pikeman
33:51 Imperial Age
31:31 Scale Mail Armor
31:41 Forging
32:14 Forging
32:40 Heavy Plow
33:18 Gold Shaft Mining
33:22 Arson
34:08 Chain Mail Armor
34:28 Iron Casting
35:05 Conscription
34:11 Onager
35:46 Iron Casting
35:13 Capped Ram
37:06 Chemistry
36:01 Stone Mining
37:01 Plate Mail Armor
37:32 Blast Furnace
38:06 Blast Furnace
10001
3:46 Loom
10:53 Feudal Age
14:42 Castle Age
12:57 Double-Bit Axe
14:05 Horse Collar
20:59 Gold Mining
23:50 Wheelbarrow
24:52 Heavy Plow
28:05 Imperial Age
26:38 Scale Barding Armor
26:44 Forging
27:25 Husbandry
27:35 Bloodlines
27:30 Stone Mining
27:56 Bow Saw
27:43 Fletching
28:19 Masonry
27:58 Cavalier
28:41 Scale Mail Armor
28:31 Fletching
30:30 Gold Shaft Mining
30:33 Stone Shaft Mining
30:28 Conscription
31:37 Chain Barding Armor
32:19 Chemistry
31:41 Murder Holes
31:39 Savar
33:19 Ballistics
33:14 Citadels
33:42 Plate Barding Armor
35:28 Hand Cart
36:29 Two-Man Saw
36:07 Iron Casting
36:05 Architecture
35:28 Fletching
36:18 Bodkin Arrow
36:21 Murder Holes
646257513
10:43 Feudal Age
16:20 Castle Age
14:16 Double-Bit Axe
14:49 Gold Mining
15:14 Town Watch
28:18 Imperial Age
25:46 Loom
26:40 Wheelbarrow
26:08 Town Patrol
28:57 Forging
28:54 Scale Barding Armor
28:53 Cavalier
29:53 Hand Cart
30:18 Bow Saw
30:16 Paladin
31:21 Chain Barding Armor
31:37 Iron Casting
32:33 Chemistry
33:25 Plate Barding Armor
33:23 Husbandry
33:57 Ballistics
36:31 Blast Furnace
小虾米
10:05 Feudal Age
10:34 Loom
14:57 Castle Age
13:07 Double-Bit Axe
13:37 Horse Collar
16:21 Fletching
17:11 Bodkin Arrow
26:29 Padded Archer Armor
31:12 Leather Archer Armor
34:21 Ballistics
37:19 Bow Saw
太阳当空照
11:04 Feudal Age
15:18 Castle Age
14:08 Double-Bit Axe
14:39 Horse Collar
15:56 Loom
18:52 Bow Saw
19:29 Padded Archer Armor
22:20 Leather Archer Armor
26:05 Wheelbarrow
31:52 Hand Cart
33:06 Heavy Plow
39:19 Imperial Age
Connection lost

Rejoining the realm…

Still unreachable

The connection could not be restored.

Session expired

The server has moved on; the page needs a fresh start.